 Dungeon Crawl Stone Soup version 0.30-a0-169-g06f667207d (webtiles) character file.

Game seed: 6986876585354816384

261 qw the Chopper (level 6, -2/38 HPs)
             Began as a Gargoyle Fighter on Sept 29, 2022.
             Slain by a hornet (8 damage)
             ... on level 4 of the Dungeon.
             The game lasted 00:01:18 (3460 turns).

qw the Chopper (Gargoyle Fighter)                   Turns: 3460, Time: 00:01:18

Health: -2/38      AC: 16    Str: 21    XL:     6   Next: 18%
Magic:  6/6        EV:  7    Int:  9    God:
Gold:   106        SH:  4    Dex:  9    Spells: 5/5 levels left

rFire   . . .      SeeInvis .    Y - +1 war axe
rCold   . . .      Faith    .    c - +0 buckler
rNeg    + . .      Spirit   .    e - +0 chain mail
rPois   inf        Reflect  .    a - +0 helmet
rElec   +          Harm     .    (no cloak)
rCorr   .          Rampage  .    (no gloves)
Will    .....                    (no boots)
Stlth   ..........               (no amulet)
HPRegen 0.12/turn                (no ring)
MPRegen 0.10/turn                (no ring)

@: about to teleport
A: sickness immunity, AC +4, negative energy resistance 1, electricity
resistance, torment resistance 1, petrification resistance, fangs 1, iridescent
scales 1
a: no special abilities


You were on level 4 of the Dungeon.
You visited 1 branch of the dungeon, and saw 4 of its levels.

You collected 106 gold pieces.


Innate Abilities, Weirdness & Mutations

You are immune to sickness and miasma.
Your stone body is resilient. (AC +4)
You are immune to poison.
You resist negative energy. (rN+)
You are resistant to electric shocks. (rElec)
You are resistant to unholy torment.
You are immune to petrification.
You have very sharp teeth.
You are partially covered in iridescent scales. (AC +2)


   Skills:
 - Level 4.0 Fighting
 + Level 5.3 Axes
 - Level 3.2 Armour
 - Level 3.2 Shields


You had 5 spell levels left.
You didn't know any spells.
Your spell library was empty.

Inventory:

Hand Weapons
 j - a +0 whip
 Y - a +1 war axe (weapon)
Armour
 a - a +0 helmet (worn)
 c - a +0 buckler (worn)
 e - a +0 chain mail (worn)
Jewellery
 k - a ring of fire
 l - a ring of fire
Scrolls
 m - a scroll of vulnerability {unknown}
 n - a scroll of identify
 o - 2 scrolls of blinking {unknown}
Potions
 b - a potion of haste
 d - 2 potions of might
 g - 3 potions of mutation
 h - a potion of resistance
 i - a potion of brilliance {unknown}
 p - a potion of attraction {unknown}

Dungeon Overview and Level Annotations

Branches:
Dungeon (4/15)
 Temple: D:4-7

Altars:
Nemelex Xobeh


Message History

You slash the orc wizard!
You kill the orc wizard!
You barely miss something. Something hits you but does no damage.
The hornet stings you but does no damage.
You have reached level 6!
You closely miss the hornet. You closely miss the kobold.
You closely miss something. Something hits you but does no damage.
The kobold hits you but does no damage. The hornet stings you!
Something hits you but does no damage. The kobold hits you but does no damage.
The hornet stings you but does no damage.
You slash the hornet!
The hornet is moderately wounded.
You hit something but do no damage. You slash the kobold!
You kill the kobold!
The hornet stings you but does no damage.
Something hits you but does no damage.
You closely miss the hornet.
The hornet is moderately wounded.
You slash something!
Reactivating autopickup.
You feel a bit more experienced. The hornet stings you!
The hornet stings you but does no damage.
The orc hits you from afar with a +0 trident.
The hornet stings you but does no damage.
You slash the hornet! You bite the hornet, but do no damage.
The hornet is severely wounded.
The orc hits you but does no damage.
The hornet stings you but does no damage.
The orc barely misses you. The hornet stings you!
3459 ||| READING scroll of teleportation.
As you read the scroll of teleportation, it crumbles to dust.
You feel strangely unstable. The hornet barely misses you.
The orc hits you but does no damage.
You closely miss the hornet.
The hornet is severely wounded.
The hornet stings you!
You die...

### #### ### #.# ....#
###.#########.###
.....####..#.(..#........
...........####..###....#
...........###...# ##...#
...........##....# #....
.................# ##...
.......)@.......## #...
.......y).......# ##..
......o.........# #..
o..............## ##.
................### #.
..........>......## ###.
..................###...
..............#.........
........###.......


You could see a hornet and an orc.

Vanquished Creatures
  Ijyb (D:3)
  2 orc wizards (D:4)
  Robin (D:2)
  9 adders
  A worm (D:2)
  A dart slug (D:2)
  8 orcs
  7 ball pythons
  3 bats
  4 endoplasms
  A giant cockroach (D:2)
  15 goblins
  4 hobgoblins
  6 jackals
  6 kobolds
  4 quokkas
  5 frilled lizards
  5 rats
83 creatures vanquished.

Notes
Turn   | Place    | Note
-------+----------+-------------------------------------------
     0 | D:1      | qw the Gargoyle Fighter began the quest for the Orb.
     0 | D:1      | Reached XP level 1. HP: 14/14 MP: 1/1
     0 | D:1      | 0 ||| qw: Version: 0.2-a-12-gaebbb33
     0 | D:1      | 0 ||| qw: Game counter: 1294
     0 | D:1      | 0 ||| qw: Always use a shield: true
     0 | D:1      | 0 ||| qw: God list: Okawaru
     0 | D:1      | 0 ||| qw: Allow faded altars: false
     0 | D:1      | 0 ||| qw: Do Orc after D:15 true
     0 | D:1      | 0 ||| qw: Do second Lair branch before Depths: true
     0 | D:1      | 0 ||| qw: Lair rune preference: random
     0 | D:1      | 0 ||| qw: Plans: Normal, Zot:1-4, God:TSO, Crypt, Tomb,
                  | Pan, Slime:5, Hells, Abyss, Orb
     0 | D:1      | 0 ||| PLANNING D:1-11
   102 | D:1      | Reached skill level 2 in Axes
   148 | D:1      | Reached XP level 2. HP: 16/19 MP: 2/2
   365 | D:1      | Reached skill level 3 in Axes
   694 | D:1      | 694 ||| DROPPING +0 club.
   842 | D:1      | 842 ||| UPGRADING to +0 chain mail.
   852 | D:1      | 852 ||| DROPPING +0 scale mail.
   853 | D:1      | 853 ||| READING scroll labelled ORIYR XAUWO.
   870 | D:2      | 870 ||| FLEEEEING.
   871 | D:2      | 871 ||| FLEEEEING.
   872 | D:2      | 872 ||| STAIRDANCE
   993 | D:2      | 993 ||| STAIRDANCE
  1001 | D:1      | Reached XP level 3. HP: 15/23 MP: 3/3
  1172 | D:2      | 1172 ||| FLEEEEING.
  1173 | D:2      | 1173 ||| FLEEEEING.
  1174 | D:2      | 1174 ||| FLEEEEING.
  1175 | D:2      | 1175 ||| FLEEEEING.
  1176 | D:2      | 1176 ||| FLEEEEING.
  1177 | D:2      | 1177 ||| FLEEEEING.
  1178 | D:2      | 1178 ||| FLEEEEING.
  1179 | D:2      | 1179 ||| FLEEEEING.
  1180 | D:2      | 1180 ||| FLEEEEING.
  1181 | D:2      | 1181 ||| FLEEEEING.
  1182 | D:2      | 1182 ||| FLEEEEING.
  1183 | D:2      | 1183 ||| FLEEEEING.
  1184 | D:2      | 1184 ||| FLEEEEING.
  1188 | D:2      | 1188 ||| STAIRDANCE
  1227 | D:1      | 1227 ||| READING scroll labelled SOURHE RATO.
  1237 | D:2      | 1237 ||| Stepping ~*~*~tactically~*~*~ (hiding).
  1240 | D:2      | 1240 ||| Stepping ~*~*~tactically~*~*~ (hiding).
  1374 | D:2      | Noticed Robin
  1375 | D:2      | 1375 ||| Stepping ~*~*~tactically~*~*~ (stealth).
  1377 | D:2      | 1377 ||| Stepping ~*~*~tactically~*~*~ (stealth).
  1382 | D:2      | Reached XP level 4. HP: 23/28 MP: 4/4
  1382 | D:2      | Killed Robin
  1383 | D:2      | Reached skill level 4 in Axes
  1385 | D:2      | 1385 ||| Stepping ~*~*~tactically~*~*~ (stealth).
  1403 | D:2      | 1403 ||| FLEEEEING.
  1534 | D:2      | 1534 ||| UPGRADING to +0 helmet.
  1550 | D:2      | 1550 ||| Stepping ~*~*~tactically~*~*~ (stealth).
  1835 | D:2      | Reached XP level 5. HP: 32/32 MP: 5/5
  2095 | D:2      | 2095 ||| READING scroll labelled BIRHOIDGHUU.
  2096 | D:2      | 2096 ||| READING 2 scrolls labelled KUSURO QOHEHU.
  2099 | D:2      | 2099 ||| READING scroll labelled QYIVANEUGO.
  2100 | D:2      | 2100 ||| DRINKING 3 fuming sapphire potions.
  2100 | D:2      | Gained mutation: You have very sharp teeth. [potion of
                  | mutation]
  2100 | D:2      | Gained mutation: You are partially covered in iridescent
                  | scales. (AC +2) [potion of mutation]
  2107 | D:3      | Noticed Ijyb
  2115 | D:3      | Killed Ijyb
  2152 | D:3      | Found a sparkling altar of Nemelex Xobeh.
  2253 | D:3      | Reached skill level 5 in Axes
  2457 | D:3      | Found a faded altar of an unknown god.
  2971 | D:3      | 2971 ||| DROPPING amulet of faith.
  2972 | D:3      | 2972 ||| READING scroll labelled NUHEBL YB ANG.
  2973 | D:3      | 2973 ||| READING 3 scrolls of identify.
  2973 | D:3      | 2973 ||| IDENTIFYING fizzy emerald potion
  2974 | D:3      | 2974 ||| READING 2 scrolls of identify.
  2974 | D:3      | 2974 ||| IDENTIFYING coppery potion
  2975 | D:3      | 2975 ||| DROPPING scroll of immolation.
  3451 | D:4      | Noticed a hornet
  3455 | D:4      | Reached XP level 6. HP: 38/38 MP: 6/6
  3458 | D:4      | HP: 5/38 [hornet (11)]
  3459 | D:4      | 3459 ||| READING scroll of teleportation.
  3460 | D:4      | Slain by a hornet

Levels and vault maps discovered:
D:1:      dpeg_arrival_boxes_within_box, layout_loops_ring, minivault_27,
          amcnicky_mini_corridor_feature
D:2:      layout_basic, minmay_tromino_v4_c, uniq_robin
D:3:      layout_basic, mainiacjoe_overflow_surrounded_room,
          hellmonk_ecumenical_altar_blasted, uniq_ijyb
D:4:      layout_layer_cave, uniq_sigmund, uniq_crazy_yiuf_cottage

Skill      XL: |  1  2  3  4  5 |
---------------+----------------+-----
Axes           | 2 3 4 5 |  5.3
Fighting       | 4 |  4.0
Armour         | |  3.2
Shields        | |  3.2

Action                   |  1- 3 |  4- 6 || total
-------------------------+-------+-------++-------
Melee: War axe           |   106 |   133 ||   239
       Bite              |       |     3 ||     3
  Use: Scroll            |     2 |     7 ||     9
       Potion            |       |     1 ||     1
Armor: Scale mail        |    31 |       ||    31
       Chain mail        |    46 |    90 ||   136
Dodge: Dodged            |    58 |    42 ||   100
Block: Buckler           |    26 |    23 ||    49

Table legend:
 A = Non-vault XP
 B = Vault XP
 C = Vault XP percentage of total XP
 D = Non-vault monster count
 E = Vault monster count
 F = Vault count percentage of total count
                 A         B        C        D         E       F
            +---------+---------+-------+---------+---------+-------
      Total |     299 |      75 |  20.1 |      68 |      15 |  18.1
            +---------+---------+-------+---------+---------+-------
        D:1 |      59 |       0 |   0.0 |      20 |       0 |   0.0
        D:2 |      68 |      39 |  36.4 |      18 |      14 |  43.8
        D:3 |      80 |      36 |  31.0 |      22 |       1 |   4.3
        D:4 |      92 |       0 |   0.0 |       8 |       0 |   0.0
            +---------+---------+-------+---------+---------+-------
